AoeStats
← Tandel

Hideout

508918531Analyzed
1v1 RM · 9d ago on Sep 24, 2026· 26m 4s· 2 players
Game mode
Random Map
Map size
Tiny (2 player)
Population
200
Speed
Normal
Resources
Standard
Victory
Conquest
Starting age
Dark Age
Ending age
Imperial Age
RankedLock teamsTeams togetherTeam positionsShared explorationLock speedFull tech treeHidden civsTurbo modeCheats
Victory
Defeat
🇺🇸 Bulgarians · United States
789
+18
🇺🇸 Saxons · United States
828
-18
Tandel
5:15 Loom
5:42 Loom
12:57 Feudal Age
13:49 Double-Bit Axe
14:10 Arson
15:27 Forging
15:18 Scale Mail Armor
17:30 Scale Barding Armor
18:28 Horse Collar
19:26 Fletching
22:16 Castle Age
24:04 Husbandry
tandrew65
10:13 Feudal Age
10:38 Loom
11:22 Double-Bit Axe
11:37 Horse Collar
13:04 Man-at-Arms
13:33 Arson
16:23 Scale Mail Armor
16:34 Forging
22:01 Castle Age
22:03 Long Swordsman
22:29 Gambesons
22:45 Squires
23:17 Pikeman
Connection lost

Rejoining the realm…

Still unreachable

The connection could not be restored.

Session expired

The server has moved on; the page needs a fresh start.